[Event "Late-Titled-Tuesday-Blitz-November-28-2023"]
[Site "Chess.com"]
[Date "2023.11.28"]
[Round "5"]
[White "NigelDwarf"]
[Black "Mykola-Bortnyk"]
[Result "1-0"]
[WhiteElo "2565"]
[BlackElo "2981"]
[TimeControl "180+1"]
[EndTime "14:53:47 PST"]
[Termination "NigelDwarf won on time"]

1. Nf3 d5 2. c4 d4 3. b4 c5 4. e3 f6 5. exd4 cxd4 6. d3 e5 7. a3 Ne7 8. g3 h5 9. Bg2 Nbc6 10. b5 Na5 11. Nbd2 Bf5 12. Qe2 g5 13. Ne4 Bg7 14. Bd2 h4 15. gxh4 g4 16. Ng1 Rxh4 17.
Bb4 Bg6 18. Nd6+ Kf8 19. Nxb7 Nxb7 20. Bxb7 Rb8 21. Bg2 Kg8 22. h3 gxh3 23. Rxh3 Rxh3 24. Nxh3 Qd7 25. Bxe7 Qxe7 26. Nf4 Bf7 27. Nd5 Qd8 28.
Qg4 Kf8 29. Be4 a6 30. a4 Qa5+ 31. Ke2 axb5 32. Rg1 Bh6 33. Qd7 Qd2+ 34. Kf1 Qc1+ 35. Kg2 Qg5+ 36. Kh1 Qh4+ 37. Kg2 Re8 38. Qd6+ Kg7 39.
Kf1+ Kh8 40. Rh1 Qg5 41. Nxf6 Re6 42. Qf8+ 1-0

[Event "Late-Titled-Tuesday-Blitz-November-28-2023"]
[Site "Chess.com"]
[Date "2023.11.28"]
[Round "5"]
[White "krzyzan94"]
[Black "zverr1"]
[Result "1-0"]
[WhiteElo "2739"]
[BlackElo "2526"]
[TimeControl "180+1"]
[EndTime "14:53:47 PST"]
[Termination "krzyzan94 won on time"]

1. Nf3 g6 2. e4 c5 3. Bc4 Bg7 4. c3 d6 5. d4 cxd4 6. cxd4 Nf6 7. Nc3 O-O 8. O-O Bg4 9. Be2 Nc6 10. Be3 Bxf3 11. Bxf3 e5 12. d5 Nd4 13. Bxd4 exd4 14. Qxd4 Nd7 15. Qd2 Re8 16. Rfe1 Rc8 17. Bg4 Rc5 18.
Rad1 Ne5 19. Be2 Nc4 20. Bxc4 Rxc4 21. Qd3 Bxc3 22. Qxc4 Bxe1 23. Rxe1 Qa5 24. b4 Qa3 25. h4 h5 26. Re3 Qb2 27. g3 Qe5 28. Kg2 a6 29. a4 Re7 30. b5 axb5 31. Qxb5 Qd4 32.
Qe2 f5 33. f3 Qxa4 34. e5 dxe5 35. Rxe5 Rxe5 36. Qxe5 Qc2+ 37. Kh3 Kf7 38. Qe6+ Kf8 39. Qf6+ Ke8 40. Qxg6+ Kd7 41. Qe6+ Kc7 42. d6+ 1-0

[Event "Late-Titled-Tuesday-Blitz-November-28-2023"]
[Site "Chess.com"]
[Date "2023.11.28"]
[Round "5"]
[White "Sic_Transit_GM"]
[Black "SalihEke"]
[Result "1/2-1/2"]
[WhiteElo "2670"]
[BlackElo "2486"]
[TimeControl "180+1"]
[EndTime "14:53:47 PST"]
[Termination "Game drawn - insufficient material"]

1. g3 d5 2. Bg2 Nf6 3. Nf3 Bf5 4. O-O e6 5. d3 Bd6 6. c4 O-O 7. Nc3 c6 8. Nh4 Bg6 9. Nxg6 hxg6 10. cxd5 exd5 11.
e4 dxe4 12. dxe4 Bc7 13. Be3 Nbd7 14. h3 Bb6 15. Qe2 Qe7 16. Kh2 Rfe8 17. f4 Bxe3 18.
Qxe3 Qc5 19. Qxc5 Nxc5 20. e5 Nh7 21. h4 Rad8 22. Rad1 Nf8 23. Bh3 Nfe6 24. Bxe6 Nxe6 25. Ne4 Rxd1 26. Rxd1 Rc8 27. Kg2 Kf8 28. Kf3 Ke7 29. Ke3 c5 30. Nd6 Rc6 31. Rd2 b6 32. Ke4 Rc7 33. Kd5 Nd4 34. Rf2 Rd7 35. b4 Nf5 36.
bxc5 bxc5 37. Kxc5 Nxd6 38. exd6+ Rxd6 39. Rf3 Ra6 40. a3 Kf6 41. Kb5 Rb6+ 42. Kc5 Kf5 43. a4 Kg4 44. Rd3 f5 45. a5 Rb1 46. Rd7 a6 47. Rxg7 Kxg3 48. Rxg6+ Kxh4 49. Rxa6 Kg4 50. Rf6 Kxf4 51. a6 Ke5 52. Rf8 Ra1 53. Re8+ Kf4 54. Kb6 Kg3 55. Re5 f4 56. Rg5+ Kh3 57. Ra5 Rxa5 58.
Kxa5 f3 59. a7 f2 60. a8=Q f1=Q 61. Qh8+ Kg2 62. Qg7+ Kf2 63. Qf6+ Kg2 64. Qxf1+ Kxf1 1/2-1/2

[Event "Late-Titled-Tuesday-Blitz-November-28-2023"]
[Site "Chess.com"]
[Date "2023.11.28"]
[Round "5"]
[White "German_Bazeev"]
[Black "DefiantChair"]
[Result "1-0"]
[WhiteElo "2813"]
[BlackElo "2614"]
[TimeControl "180+1"]
[EndTime "14:53:48 PST"]
[Termination "German_Bazeev won by resignation"]

1. d4 Nf6 2. Bg5 e6 3. e4 h6 4.
Bxf6 Qxf6 5. c3 d6 6. Nf3 Nd7 7. a4 g6 8. a5 a6 9. Nbd2 Bg7 10.
Be2 O-O 11. O-O Qd8 12. Re1 e5 13. dxe5 dxe5 14. Nc4 Qe7 15. Qc2 Nc5 16. b4 Nd7 17. Rad1 Re8 18. Bf1 Nf8 19. Ne3 c6 20. h3 Be6 21.
Bc4 Red8 22. Qb3 Rxd1 23. Rxd1 Rd8 24. Rxd8 Qxd8 25. g3 Qd7 26. Bxe6 Nxe6 27. Kg2 h5 28. Nc4 Qc7 29. Qd1 c5 30. Qd5 cxb4 31. cxb4 h4 32. Nxh4 Bf8 33. Nxg6 Bxb4 34. Ngxe5 Bc3 35. Nf3 Kf8 36.
h4 Nc5 37. h5 Nb3 38. h6 Nxa5 39. Nd6 Nc6 40. e5 Qe7 41. h7 Kg7 42. Nf5+ Kxh7 43.
Nxe7 Nxe7 44. Qxf7+ 1-0

[Event "Late-Titled-Tuesday-Blitz-November-28-2023"]
[Site "Chess.com"]
[Date "2023.11.28"]
[Round "5"]
[White "TrenerChos"]
[Black "Ali_rastbod"]
[Result "0-1"]
[WhiteElo "2597"]
[BlackElo "2787"]
[TimeControl "180+1"]
[EndTime "14:53:48 PST"]
[Termination "Ali_rastbod won on time"]

1. d4 g6 2. c4 Bg7 3. Nf3 d6 4. e3 Nd7 5. b3 e5 6. Bb2 e4 7. Nfd2 f5 8. Nc3 Ndf6 9. Be2 Ne7 10. O-O c6 11. f3 d5 12. cxd5 cxd5 13. fxe4 fxe4 14. Bb5+ Bd7 15. Ba3 O-O 16. Qe2 Re8 17. Na4 Nf5 18. Bxd7 Qxd7 19. Nc5 Qe7 20. g4 Nxg4 21. Qxg4 Nxe3 22. Qh3 Nxf1 23. Rxf1 Bxd4+ 24. Kh1 Bxc5 25. Bb2 Rf8 26. Rc1 d4 27. Nc4 e3 28.
b4 Qe4+ 29. Qg2 Qxg2+ 30. Kxg2 d3 31. bxc5 d2 32. Ra1 Rae8 33. Bc3 Rf2+ 34. Kg3 Rf5 35. Bd4 e2 0-1

[Event "Late-Titled-Tuesday-Blitz-November-28-2023"]
[Site "Chess.com"]
[Date "2023.11.28"]
[Round "5"]
[White "AlexPapasimakopoulos"]
[Black "koncheto"]
[Result "1-0"]
[WhiteElo "2684"]
[BlackElo "2524"]
[TimeControl "180+1"]
[EndTime "14:53:48 PST"]
[Termination "AlexPapasimakopoulos won on time"]

1. d4 Nf6 2. c4 e6 3. Nc3 c5 4. d5 exd5 5. cxd5 d6 6. Nf3 g6 7. Bf4 a6 8. a4 Qe7 9. h3 Bg7 10. Nd2 Nh5 11. Bh2 Be5 12. Bxe5 dxe5 13. Nc4 Nd7 14. e3 O-O 15. Be2 Nhf6 16. e4 Ne8 17. d6 Qd8 18. O-O Rb8 19. a5 b5 20.
axb6 Nxb6 21. Na5 Qxd6 22. Qxd6 Nxd6 23. Nc6 Ra8 24. Rfd1 Nb5 25. Bxb5 axb5 26. Rxa8 Nxa8 27. Nxe5 Nb6 28. Nxb5 Re8 29. Nd3 Rxe4 30. Nxc5 Re5 31. b4 Nd5 32. f4 Nxf4 33. Rd8+ Kg7 34. Rxc8 Re2 35. Nd4 Rxg2+ 36. Kf1 Rb2 37. Ncb3 Nd3 38. b5 Rf2+ 39. Kg1 Rf6 40. Rb8 Ne5 41. Nc5 1-0

[Event "Late-Titled-Tuesday-Blitz-November-28-2023"]
[Site "Chess.com"]
[Date "2023.11.28"]
[Round "5"]
[White "noblerone"]
[Black "drdaro"]
[Result "0-1"]
[WhiteElo "2488"]
[BlackElo "2265"]
[TimeControl "180+1"]
[EndTime "14:53:49 PST"]
[Termination "drdaro won on time"]

1. d4 c5 2. d5 e5 3. c4 d6 4. Nc3 g6 5. h4 h6 6. e4 Bg7 7. Bd3 Ne7 8. Nge2 O-O 9. Ng3 a6 10.
Be3 f5 11. exf5 gxf5 12. Nh5 e4 13. Nxg7 Kxg7 14. Be2 Nd7 15. Bf4 Ne5 16. h5 Ng8 17.
Qd2 Qf6 18. Rh3 Kh7 19. O-O-O Bd7 20. Rg3 Ne7 21. Rh1 b5 22. f3 exf3 23. gxf3 Rg8 24.
Rhg1 Rxg3 25. Rxg3 bxc4 26. Kb1 Rg8 27. a3 Rxg3 28.
Bxg3 Bb5 29. a4 Be8 30. f4 Ng4 31. Bxc4 Bxh5 32. Bxa6 Bf7 33. Bd3 h5 34. a5 h4 35.
Bh2 Qd4 36. a6 Bxd5 37. Nxd5 Qxd5 38. a7 Qb7 39. Bg1 Qxa7 40. Qe2 Qd7 41. Qxg4 c4 42. Qh5+ Kg7 0-1

[Event "Late-Titled-Tuesday-Blitz-November-28-2023"]
[Site "Chess.com"]
[Date "2023.11.28"]
[Round "5"]
[White "Jospem"]
[Black "ckgchess"]
[Result "1-0"]
[WhiteElo "3054"]
[BlackElo "2859"]
[TimeControl "180+1"]
[EndTime "14:53:50 PST"]
[Termination "Jospem won by resignation"]

1. e4 e5 2. Nf3 Nf6 3. Nc3 Nc6 4. h3 Bb4 5. a3 Bxc3 6. dxc3 Nxe4 7. Nxe5 Nxe5 8.
Qd4 O-O 9. Qxe4 d5 10. Qd4 Re8 11. Be3 Nc4 12. Bxc4 dxc4 13. Qxc4 Bf5 14. Qe2 Qf6 15. O-O-O Qc6 16. Rhg1 a5 17. Rd4 b5 18. h4 Rab8 19. h5 b4 20. g4 Be6 21. cxb4 axb4 22.
axb4 Qa4 23. Rgd1 Qa1+ 24. Kd2 Qxb2 25. Ke1 Rxb4 26. Kf1 c5 27. Rd8 Rb8 28. Rxe8+ Rxe8 29. Kg2 Qb4 30. Kg3 h6 31. Qf3 Qc4 32. Rd2 f6 33. Qf4 Qc3 34. Kh2 Bf7 35. Qf3 Qc4 36. Qf4 Re4 37. Rd8+ Kh7 38. Qf5+ g6 39. Qxf6 Re8 40.
hxg6+ Bxg6 41. Rd7+ 1-0

[Event "Late-Titled-Tuesday-Blitz-November-28-2023"]
[Site "Chess.com"]
[Date "2023.11.28"]
[Round "5"]
[White "annazero"]
[Black "serena-maria"]
[Result "0-1"]
[WhiteElo "2498"]
[BlackElo "2364"]
[TimeControl "180+1"]
[EndTime "14:53:50 PST"]
[Termination "serena-maria won by resignation"]

1. d4 Nf6 2. Nf3 g6 3. g3 Bg7 4. Bg2 O-O 5. O-O d6 6. c4 Nc6 7. Nc3 e5 8. d5 Ne7 9. e4 Nd7 10.
Ne1 f5 11. Nd3 Nf6 12. f3 c6 13. Be3 Qc7 14. Rc1 Nh5 15. c5 f4 16. Bf2 fxg3 17.
hxg3 Rd8 18. cxd6 Qxd6 19. Qb3 b6 20. dxc6+ Be6 21. Nd5 Nxd5 22. exd5 Bxd5 23. Qb4 Bxc6 24. Qxd6 Rxd6 25. Rxc6 Rxc6 26. f4 Rd8 27. Bxc6 Rxd3 28. Bb5 Rd2 29. Bc4+ Kh8 30. b4 exf4 31. g4 Nf6 32. Re1 h6 33. Be6 Nh7 34. Re4 Ng5 35.
Rc4 Nh3+ 36. Kg2 Nxf2 37. Kf3 Be5 38. Rc8+ Kg7 39. Rd8 Rxd8 0-1

[Event "Late-Titled-Tuesday-Blitz-November-28-2023"]
[Site "Chess.com"]
[Date "2023.11.28"]
[Round "5"]
[White "Nick12772"]
[Black "Charodej1"]
[Result "0-1"]
[WhiteElo "2381"]
[BlackElo "2216"]
[TimeControl "180+1"]
[EndTime "14:53:51 PST"]
[Termination "Charodej1 won by checkmate"]

1. Nf3 d5 2. g3 Nf6 3. Bg2 e6 4. O-O Be7 5. d4 c5 6. c4 dxc4 7. dxc5 O-O 8. Na3 c3 9. Qc2 Bxc5 10. Qxc3 Qe7 11. Bg5 Nbd7 12. Nc4 h6 13. Bf4 Nd5 14. Qc1 Nxf4 15. Qxf4 Re8 16. Nfe5 Nxe5 17. Qxe5 f6 18. Qe4 e5 19. Rac1 Rb8 20. Na5 Bd4 21. b3 Qb4 22. e3 f5 23. Qd3 Bxe3 24. Qxe3 Qxa5 25. Rc5 Qb6 26. Rxe5 Qxe3 27. Rxe3 Rxe3 28. fxe3 Be6 29. Rd1 b6 30. Rd6 Kf7 31. Bd5 Bxd5 32. Rxd5 Ke6 33. Rd4 Rc8 34. Rd2 Rc1+ 35. Kf2 g5 36. Kg2 g4 37. h3 h5 38. hxg4 hxg4 39. Rb2 Ke5 40. Rd2 Ke4 41. Rd7 Kxe3 42. Re7+ Kd2 43. Rxa7 Rc2 44.
Kf2 Kd3+ 45. Ke1 Ke3 46. Ra6 Rc1# 0-1

[Event "Late-Titled-Tuesday-Blitz-November-28-2023"]
[Site "Chess.com"]
[Date "2023.11.28"]
[Round "5"]
[White "OPQRC"]
[Black "szefru"]
[Result "1-0"]
[WhiteElo "2537"]
[BlackElo "2328"]
[TimeControl "180+1"]
[EndTime "14:53:52 PST"]
[Termination "OPQRC won by resignation"]

1. e4 c5 2. Nf3 Nc6 3. Bb5 g6 4. O-O Bg7 5. Re1 Nf6 6. Nc3 d6 7. e5 dxe5 8. Nxe5 Qc7 9. Qf3 Bd7 10.
Nxd7 Qxd7 11. d3 O-O 12. Bxc6 bxc6 13. Na4 Qd6 14. Bf4 Qd4 15. b3 Rac8 16. Be3 Qh4 17.
Rad1 Ng4 18. h3 Nxe3 19. Rxe3 Bd4 20. Re4 Qg5 21. c3 Bf6 22. Rc4 Rfd8 23. Nxc5 Bg7 24. d4 e5 25. Ne4 Qe7 26. d5 cxd5 27. Rxc8 Rxc8 28. Rxd5 f5 29. Nd6 Rd8 30. Qd1 Rf8 31. c4 e4 32. c5 e3 33. fxe3 Qxe3+ 34. Kh1 Be5 35. Nc4 Qf4 36. Nxe5 Re8 37. c6 Re6 38. c7 1-0

[Event "Late-Titled-Tuesday-Blitz-November-28-2023"]
[Site "Chess.com"]
[Date "2023.11.28"]
[Round "5"]
[White "FuenfgegenWilly"]
[Black "ChristopherYoo"]
[Result "0-1"]
[WhiteElo "2495"]
[BlackElo "3021"]
[TimeControl "180+1"]
[EndTime "14:53:54 PST"]
[Termination "ChristopherYoo won by resignation"]

1. e4 e5 2. Nc3 Nc6 3. f4 exf4 4. Nf3 g5 5. g3 Bg7 6. gxf4 g4 7. Ng5 h6 8. Qxg4 hxg5 9. Qxg5 Qxg5 10. fxg5 Nge7 11. Nb5 Kd8 12. d3 d5 13. Bf4 Be5 14. Bxe5 Nxe5 15. Bg2 dxe4 16. Bxe4 c6 17. Nd4 N7g6 18. O-O-O Bh3 19.
Rde1 Kc7 20. Rhg1 Rad8 21. Bxg6 Nxg6 22. Nf3 Be6 23. Rg3 Rh5 24. Rf1 Rdh8 25. Kd2 Rh3 26. Rfg1 Rxg3 27. Rxg3 Bd5 28. Kc3 c5 29. a3 b5 30. b4 Kd6 31. bxc5+ Kxc5 32. d4+ Kb6 33. Kd3 a5 34. c3 Bc4+ 35. Ke4 Kc6 36. Kf5 Kd6 37.
Kf6 Rh7 38. Ne5 Nxe5 39. dxe5+ Kd7 40. Rg2 Ke8 41. Rd2 Rh3 42. g6 Rf3+ 43. Kg7 fxg6 44. Kxg6 Rxc3 45. h4 Rh3 46. h5 Bf7+ 47. Kf6 Rxh5 48.
e6 Rh6+ 49. Kg7 Rxe6 50. Rf2 Rg6+ 51. Kh7 Kf8 52. Rf5 Rg4 53. Kh6 Rh4+ 54. Kg5 Rh5+ 55. Kf4 Rxf5+ 56. Kxf5 b4 57. axb4 a4 58. Ke4 a3 0-1

[Event "Late-Titled-Tuesday-Blitz-November-28-2023"]
[Site "Chess.com"]
[Date "2023.11.28"]
[Round "5"]
[White "tantaan"]
[Black "zajka-molotok"]
[Result "1-0"]
[WhiteElo "2377"]
[BlackElo "2519"]
[TimeControl "180+1"]
[EndTime "14:53:54 PST"]
[Termination "tantaan won by resignation"]

1. e4 Nc6 2. d4 d6 3. d5 Ne5 4. Nc3 c6 5. dxc6 Nxc6 6. Be3 Nf6 7. f3 g6 8. Qd2 Bg7 9. Bh6 Bxh6 10. Qxh6 Be6 11. h4 Qa5 12. Qg5 O-O-O 13. Bb5 h6 14. Qd2 Ne5 15. Nge2 d5 16. Qf4 Qc7 17. O-O-O d4 18.
Nd5 Nxd5 19. exd5 Rxd5 20. Bd3 h5 21. Be4 Ra5 22. a3 Rd8 23. Qd2 Nc4 24. Qb4 Ne3 25.
Rxd4 Rxd4 26. Nxd4 Bd5 27. Bd3 Rc5 28. Re1 Nxg2 29.
Re5 Nf4 30. Re3 e5 31. Nb5 Nxd3+ 32. Rxd3 Rxc2+ 33. Kd1 Rc1+ 34. Ke2 Qc2+ 35. Rd2 Bc4+ 36. Kf2 Rf1+ 37. Kg2 Qxd2+ 38. Qxd2 Bxb5 39. Qc3+ Kd7 40. Qxe5 Rd1 41. Qxb5+ Kc7 42. Qc5+ 1-0

[Event "Late-Titled-Tuesday-Blitz-November-28-2023"]
[Site "Chess.com"]
[Date "2023.11.28"]
[Round "5"]
[White "sakkikuska"]
[Black "Likvidator228"]
[Result "1/2-1/2"]
[WhiteElo "2401"]
[BlackElo "2555"]
[TimeControl "180+1"]
[EndTime "14:53:55 PST"]
[Termination "Game drawn by repetition"]

1. e4 c5 2. Nf3 g6 3. d4 cxd4 4. Nxd4 Bg7 5. c4 Nc6 6. Be3 Nf6 7. Nc3 Ng4 8. Qxg4 Bxd4 9. Bxd4 Nxd4 10. Qd1 e5 11. Bd3 d6 12. O-O O-O 13. Rc1 Be6 14. b3 a6 15. Ne2 Nc6 16. f4 Bg4 17. Qd2 Bxe2 18. Bxe2 Nd4 19. f5 Qh4 20. Qe3 f6 21. g3 Qh3 22. Bf3 Kg7 23. Bg2 Qh6 24. Qxh6+ Kxh6 25. fxg6 Ne2+ 26. Kf2 Nxc1 27. Rxc1 hxg6 28. Rd1 Rfd8 29. h4 b6 30. Ke3 Ra7 31. Bh3 g5 32.
b4 gxh4 33. gxh4 Rc7 34. Be6 Kh5 35. a3 Kxh4 36. Rh1+ Kg5 37. Rg1+ Kh6 38. Bf5 Rf7 39. Rg6+ Kh5 40. Rg1 Rff8 41. Rh1+ Kg5 42. Rg1+ Kh6 43. Rg6+ Kh5 44. Rg1 b5 45. c5 dxc5 46. bxc5 Rg8 47. Rh1+ Kg5 48. c6 Rgf8 49. c7 Rc8 50. Rg1+ Kh4 51.
Rh1+ Kg3 52. Rg1+ Kh2 53. Kf2 Rxc7 54. Rg2+ Kh1 55. Rg1+ Kh2 56. Rg2+ Kh1 57. Rg1+ Kh2 1/2-1/2

[Event "Late-Titled-Tuesday-Blitz-November-28-2023"]
[Site "Chess.com"]
[Date "2023.11.28"]
[Round "5"]
[White "ahkashefi2800"]
[Black "Korchmar_Vasiliy"]
[Result "0-1"]
[WhiteElo "2575"]
[BlackElo "2734"]
[TimeControl "180+1"]
[EndTime "14:53:56 PST"]
[Termination "Korchmar_Vasiliy won on time"]

1. d4 Nf6 2. Nf3 d5 3. g3 g6 4. Bg2 c6 5. O-O Bg7 6. b3 O-O 7. Bb2 Bf5 8. Nbd2 Ne4 9. e3 Qa5 10. Nxe4 Bxe4 11. Nd2 Bxg2 12. Kxg2 Nd7 13. c4 e5 14. dxe5 Nxe5 15. cxd5 Qxd5+ 16. Nf3 Qe4 17. Bxe5 Bxe5 18. Rc1 Rfd8 19. Qc2 Qxc2 20. Rxc2 Bf6 21. Re1 a5 22. e4 a4 23. e5 Be7 24. Re3 Rd5 25. Nd2 Bc5 26. Re2 Bb4 27. Ne4 axb3 28.
axb3 Kg7 29. f4 Rd3 30. g4 Ra3 31. f5 Raxb3 32. f6+ Kf8 33. e6 fxe6 34. Ng5 h6 35. Nxe6+ Kf7 36. g5 hxg5 37. Nxg5+ Kxf6 38. Ne4+ Kg7 39. Ng5 Rd5 40. Ne6+ Kf6 41. Nf4 Rd4 0-1

[Event "Late-Titled-Tuesday-Blitz-November-28-2023"]
[Site "Chess.com"]
[Date "2023.11.28"]
[Round "5"]
[White "Zampronha1971"]
[Black "GoltsevDmitry2000"]
[Result "0-1"]
[WhiteElo "2385"]
[BlackElo "2667"]
[TimeControl "180+1"]
[EndTime "14:53:56 PST"]
[Termination "GoltsevDmitry2000 won on time"]

1. e4 e6 2. d4 d5 3. Nc3 c5 4. exd5 exd5 5. Nf3 Nf6 6. Be2 Nc6 7. O-O Bd6 8. Bg5 Be6 9. dxc5 Bxc5 10. Bxf6 gxf6 11.
Nb5 Rg8 12. Re1 Qb6 13. Rf1 a6 14. Nc3 Qc7 15. Nxd5 Qd8 16. Nf4 Qc7 17. Nxe6 fxe6 18. c3 Ke7 19. Qc2 Rg7 20. Rfe1 Rag8 21. Bf1 Rg4 22.
Qxh7+ R8g7 23. Qf5 Ne5 24. Rxe5 fxe5 25. Qxe5 Qc6 26.
h3 R4g6 27. Qe2 Rf6 28. Ne5 Qd5 29. Nd3 Bd6 30. Re1 Rfg6 31. f3 Bg3 32. Rd1 Bd6 33. Qe4 Qxe4 34. fxe4 Rg3 35. e5 Bc7 36. Rd2 Rxh3 37.
Nf4 Rh4 38. Ne2 Bb6+ 39. Nd4 Rg5 40. Kf2 Rxe5 41. g3 Rh2+ 42. Kf3 Rxd2 0-1

[Event "Late-Titled-Tuesday-Blitz-November-28-2023"]
[Site "Chess.com"]
[Date "2023.11.28"]
[Round "5"]
[White "Jahonas"]
[Black "JackRodgers"]
[Result "1-0"]
[WhiteElo "2421"]
[BlackElo "2557"]
[TimeControl "180+1"]
[EndTime "14:53:56 PST"]
[Termination "Jahonas won on time"]

1. e4 c5 2. Nf3 g6 3. d4 cxd4 4. Nxd4 Bg7 5. c3 Nc6 6. Nxc6 bxc6 7. Bd3 Nf6 8. Nd2 O-O 9. O-O Qc7 10. Qe2 d6 11. Kh1 Rb8 12. b3 Nd7 13. Bb2 Nc5 14.
Bc4 e6 15. Ba3 Bxc3 16. Rac1 Bb4 17. Bb2 e5 18. Nf3 Be6 19. a3 Ba5 20. b4 Na4 21. Bxe6 fxe6 22. Ba1 Bxb4 23. axb4 Rxb4 24. Rc4 Rfb8 25. Qc2 Nc5 26. Bxe5 Qe7 27. Rxc5 dxc5 28. Bxb8 Rxb8 29. Rc1 Rb5 30. Ne5 Qd6 31. Nc4 Qd4 32.
h3 a5 33. Rd1 Qf6 34. e5 Qg5 35. Qe4 Rb4 36. Qxc6 Qf5 37. Qe8+ Kg7 38. Qe7+ Kh6 39. Qxc5 Qc2 40. Qf8+ Kg5 41. Ne3 Qe4 42. Qf6+ Kh6 43. Ng4+ Kh5 44. Qg7 1-0

[Event "Late-Titled-Tuesday-Blitz-November-28-2023"]
[Site "Chess.com"]
[Date "2023.11.28"]
[Round "5"]
[White "WPWPWP-2015"]
[Black "picturesquecheck"]
[Result "1-0"]
[WhiteElo "2538"]
[BlackElo "2368"]
[TimeControl "180+1"]
[EndTime "14:53:57 PST"]
[Termination "WPWPWP-2015 won by resignation"]

1. e4 c6 2. Nc3 d5 3. d4 dxe4 4.
Nxe4 Nd7 5. Nf3 Ngf6 6. Qe2 Nxe4 7. Qxe4 Nf6 8. Qd3 g6 9. Bd2 Bf5 10. Qb3 Qb6 11. O-O-O Bg7 12. Ne5 Qxb3 13. axb3 O-O 14. f3 Nd7 15. Nxd7 Bxd7 16. Bb4 Rfe8 17. c4 h5 18. Bc3 Bf5 19. Bd3 Bxd3 20. Rxd3 Rad8 21. Kc2 e6 22. b4 Rd7 23. Rhd1 Red8 24. Kb3 a6 25. Ka4 b5+ 26. Kb3 e5 27. d5 bxc4+ 28. Kxc4 cxd5+ 29. Rxd5 Rc8+ 30. Kb3 Rb7 31. Rd8+ Rxd8 32.
Rxd8+ Kh7 33. Ra8 Rb6 34. Kc4 Re6 35. Kd5 Bf6 36. Rb8 Kg7 37. b5 axb5 38. Rxb5 Re8 39.
Rb6 Rd8+ 40. Rd6 Rb8 41. b4 Rc8 42. Rc6 Rd8+ 43. Ke4 Rd1 44. b5 Rb1 45. b6 Rb5 46. h4 Bd8 47. Bxe5+ f6 48. Bd4 Kf7 49. Rc8 f5+ 50. Kd3 Bxh4 51. Rc7+ Ke6 52. b7 Bg3 53.
Rg7 Kd5 54. Bc3 Kc6 55. Rxg6+ Kxb7 56. Rxg3 1-0

[Event "Late-Titled-Tuesday-Blitz-November-28-2023"]
[Site "Chess.com"]
[Date "2023.11.28"]
[Round "5"]
[White "randomo"]
[Black "GlavkonVVS"]
[Result "1-0"]
[WhiteElo "2354"]
[BlackElo "2501"]
[TimeControl "180+1"]
[EndTime "14:53:57 PST"]
[Termination "randomo won by resignation"]

1. e4 Nf6 2. Nc3 d5 3. e5 Nfd7 4. e6 fxe6 5. d4 g6 6. Nf3 Bg7 7.
h4 c5 8. h5 Nc6 9. dxc5 Nxc5 10.
hxg6 hxg6 11. Rxh8+ Bxh8 12. Bd3 Nxd3+ 13. Qxd3 Qa5 14.
Qxg6+ Kd7 15. Bd2 d4 16. Ne4 Qf5 17. Nh4 Qxg6 18. Nxg6 Bg7 19. O-O-O e5 20. f4 exf4 21. Nxf4 e5 22. Nh5 Bh8 23. Rf1 Ke6 24. Ng5+ Kd5 25.
Rf8 e4 26. Nf4+ Kd6 27. Nxe4+ Ke5 28. Re8+ Kf5 29. Nd6+ Kf6 30. Rxh8 Ne7 31. Rf8+ Ke5 32. Nxc8 Rxc8 33. Rxc8 Nxc8 34. Nd3+ Kf5 35. Kd1 Nd6 36.
Ke2 b6 37. Kf3 a5 38. g4+ Ke6 39. Bf4 Nc4 40. g5 Kf5 41. g6 Kxg6 42. Ke4 Kh5 43. Kxd4 b5 44. a4 Nb6 45. axb5 Na4 46. Bc7 Kg6 47. b3 1-0

[Event "Late-Titled-Tuesday-Blitz-November-28-2023"]
[Site "Chess.com"]
[Date "2023.11.28"]
[Round "5"]
[White "vladgoncharov"]
[Black "DuleMudule"]
[Result "0-1"]
[WhiteElo "2625"]
[BlackElo "2862"]
[TimeControl "180+1"]
[EndTime "14:53:59 PST"]
[Termination "DuleMudule won by resignation"]

1. d4 d5 2. c4 Bf5 3. Nc3 e6 4. Bf4 Nc6 5. e3 a6 6. Rc1 Nf6 7. Nf3 h6 8. h3 Bd6 9. Bxd6 Qxd6 10. Be2 dxc4 11. Bxc4 O-O 12. O-O Rad8 13. Qe2 e5 14. d5 Ne7 15. e4 Bd7 16. Rfd1 Ng6 17. Qe3 Nf4 18. Bf1 Nh7 19. b3 Ng5 20. Ne1 f5 21. exf5 Bxf5 22. h4 Nh7 23. g3 Ng6 24. Ne4 Bxe4 25. Qxe4 Ne7 26. Bh3 Nf6 27. Be6+ Qxe6 28.
dxe6 Nxe4 29. Rxd8 Rxd8 30. Rxc7 Kf8 31. Nf3 Rd6 32.
Nxe5 Rxe6 33. Ng4 Nd6 34. Ne3 Ke8 35. a4 Kd8 36. Rc5 Kd7 37. g4 Re4 38. Kg2 Rb4 39.
Rc3 h5 40. gxh5 Rxh4 41. Rc1 Rxh5 42. Rd1 Rh6 43. f3 Re6 44. Kf2 g6 45. Nc4 Kc6 46. Ne3 Ndf5 47. Ng4 Nd5 48. Rc1+ Kd6 49. Rc8 Nd4 50. Rd8+ Kc5 51. Rd7 Kc6 52. Rg7 Nxb3 53. Rxg6 Rxg6 54. Ne5+ Kd6 55. Nxg6 Nc5 56. a5 Nb3 57.
Ke2 Nxa5 58. Kd3 Nc6 59. Nh4 b5 60. Ng2 Kc5 61. f4 a5 62. Ke4 a4 63. f5 a3 64. Ne1 Ncb4 65. Nd3+ Nxd3 0-1

[Event "Late-Titled-Tuesday-Blitz-November-28-2023"]
[Site "Chess.com"]
[Date "2023.11.28"]
[Round "5"]
[White "LUISMIGUELOV"]
[Black "MaxLeto"]
[Result "0-1"]
[WhiteElo "2196"]
[BlackElo "2548"]
[TimeControl "180+1"]
[EndTime "14:54:00 PST"]
[Termination "MaxLeto won by checkmate"]

1. d3 d5 2. Nf3 c5 3. g3 Nc6 4.
Bg2 g6 5. O-O Bg7 6. e4 Nf6 7. e5 Nd7 8. e6 fxe6 9. Re1 e5 10.
Nc3 Nb6 11. Bg5 h6 12. Bd2 O-O 13. Nh4 Kh7 14. a4 a5 15. f4 exf4 16. Bxf4 g5 17.
Bxg5 hxg5 18. Qh5+ Kg8 19. Qxg5 e5 20. Qh5 Be6 21.
Rf1 Qd7 22. Rxf8+ Rxf8 23. Rf1 Rxf1+ 24. Bxf1 Nd4 25. Ng6 Qf7 26. Bg2 Bf5 27. Nxd5 Bxg6 28. Ne7+ Qxe7 29. Qxg6 Qf6 30. Qe8+ Qf8 31. Qg6 Qf6 32.
Qe8+ Bf8 33. Be4 Ne2+ 34. Kg2 Nd4 35. c3 Nc6 36. h4 Nxa4 37. Bd5+ Kg7 38. h5 Nxb2 39.
h6+ Kxh6 40. g4 Nxd3 41. Be4 Qf2+ 42. Kh3 Nf4# 0-1

[Event "Late-Titled-Tuesday-Blitz-November-28-2023"]
[Site "Chess.com"]
[Date "2023.11.28"]
[Round "5"]
[White "BogdanDeac"]
[Black "ameetghasi100"]
[Result "0-1"]
[WhiteElo "2994"]
[BlackElo "2833"]
[TimeControl "180+1"]
[EndTime "14:54:01 PST"]
[Termination "ameetghasi100 won on time"]

1. b3 g6 2. Bb2 Nf6 3. Nf3 Bg7 4. g3 O-O 5. Bg2 d5 6. c4 c6 7. O-O Nbd7 8. d4 Ne4 9. Qc2 Ndf6 10. Ne5 Nd6 11.
Nc3 Bf5 12. Qc1 Nfe4 13. Nd1 Nf6 14. f3 Nd7 15. Nf2 Be6 16. c5 Nb5 17. Nfd3 a5 18. a4 Nxe5 19. Nxe5 Nc7 20. Qd2 Ne8 21.
Bc3 Nf6 22. e3 Nd7 23. Nd3 b6 24. cxb6 Qxb6 25. b4 axb4 26. Bxb4 Bf5 27. Nc5 Nf6 28. a5 Qc7 29. a6 Rfb8 30. Rfc1 e5 31. dxe5 Qxe5 32. Bc3 Qe7 33. Bd4 h5 34. h3 Bc8 35.
g4 hxg4 36. hxg4 Ne8 37. Bxg7 Nxg7 38. Qd4 Rb6 39. Bf1 Qc7 40. Rc3 Qg3+ 41. Bg2 Rb2 0-1

[Event "Late-Titled-Tuesday-Blitz-November-28-2023"]
[Site "Chess.com"]
[Date "2023.11.28"]
[Round "5"]
[White "Fortitudine"]
[Black "PawnEatingZombie"]
[Result "1/2-1/2"]
[WhiteElo "2360"]
[BlackElo "2187"]
[TimeControl "180+1"]
[EndTime "14:54:06 PST"]
[Termination "Game drawn - insufficient material"]

1. c4 Nf6 2. g3 g6 3. Bg2 Bg7 4. Nc3 c6 5. e4 d6 6. Nge2 O-O 7.
O-O e5 8. d3 Na6 9. h3 Nc5 10.
Be3 a5 11. d4 exd4 12. Nxd4 a4 13. Re1 Re8 14. Qc2 h6 15. Rad1 Qe7 16. f3 Nh5 17. Bf2 Be5 18. f4 Bg7 19. b4 axb3 20. axb3 Bd7 21. b4 Ne6 22. Nxe6 Bxe6 23. c5 dxc5 24.
bxc5 Nxg3 25. Na4 Nh5 26. f5 Bc8 27. Nb6 Ra5 28. fxg6 fxg6 29. Nxc8 Rxc8 30. Rd3 Kh7 31.
Red1 Nf4 32. Rd7 Qg5 33. Be3 Qxg2+ 34. Qxg2 Nxg2 35. Kxg2 Rg8 36. Rxb7 Ra2+ 37. Kh1 Re2 38. Bd4 Rxe4 39. Bxg7 Rxg7 40. Rdd7 Rxd7 41. Rxd7+ Kg8 42. Rd6 Rh4 43. Rxg6+ Kf7 44. Rxc6 Rxh3+ 45. Kg2 Rc3 46. Rxh6 Ke7 47. Rh3 Rxc5 48. Re3+ Kd6 49. Rf3 Rc4 50.
Kg3 Kd7 51. Rf4 Rxf4 52. Kxf4 1/2-1/2